 Dungeon Crawl Stone Soup version 0.19-a0-1201-gda63bca (webtiles) character file.

238 McCoppin the Covert (level 6, -1/35 HPs)
             Began as an Octopode Gladiator on Aug 20, 2016.
             Was an Initiate of Dithmenos.
             Slain by Edmund
             ... wielding a +1 dire flail of protection
              (11 damage)
             ... on level 4 of the Dungeon.
             The game lasted 00:06:26 (3077 turns).

McCoppin the Covert (Octopode Gladiator)            Turns: 3077, Time: 00:06:27

Health: -1/35      AC:  1    Str: 12    XL:     6   Next: 7%
Magic:  6/6        EV: 15    Int: 11    God:    Dithmenos [......]
Gold:   130        SH:  0    Dex: 18    Spells: 0 memorised, 5 levels left

rFire  + + .     SeeInvis .     a - +0 long sword
rCold  + . .     Gourm    .     (no shield)
rNeg   . . .     Faith    .     b - +0 hat
rPois  .         Spirit   .     (no amulet)
rElec  .         Dismiss  .     g - +4 ring of dexterity
rCorr  .         Reflect  .     F - ring of protection from fire
MR     .....     Harm     .     o - ring of protection from cold
Stlth  ++++++....               s - ring of flight
                                w - ring of protection from fire
                                (no ring)
                                (no ring)
                                (no ring)

@: no status effects
A: almost no armour, amphibious, 8 rings, constrict 8, camouflage 1, frail 1,
sense surroundings 1, weak 1, gelatinous body 1
a: Renounce Religion, Evoke Flight


You were on level 4 of the Dungeon.
You worshipped Dithmenos.
Dithmenos was noncommittal.
You were not hungry.

You visited 2 branches of the dungeon, and saw 5 of its levels.

You collected 243 gold pieces.
You spent 113 gold pieces at shops.

Inventory:

Hand Weapons
 a - a +0 long sword (weapon)
Missiles
 c - 3 throwing nets (quivered)
Armour
 b - a +0 hat (worn)
Jewellery
 f - a +3 ring of strength {unknown}
 g - a +4 ring of dexterity (left tentacle)
 k - an uncursed ring of ice
 o - a ring of protection from cold (on tentacle)
 s - a ring of flight (on tentacle)
 w - a ring of protection from fire (on tentacle)
 F - a ring of protection from fire (right tentacle)
Wands
 A - a wand of paralysis (2/24)
 B - a wand of acid (9/15)
 E - a wand of digging (13/24)
Scrolls
 l - a scroll of enchant weapon {unknown}
 m - a scroll of noise {unknown}
 q - a scroll of random uselessness {unknown}
 v - a scroll of recharging {unknown}
 y - a scroll of fear
 z - a scroll of fog {unknown}
 D - 2 scrolls of remove curse
 G - a scroll of enchant armour {unknown}
 H - a scroll of blinking {unknown}
 I - a scroll of teleportation {unknown}
Potions
 e - a potion of haste {unknown}
 h - a potion of lignification
 p - a potion of mutation
 r - a potion of curing
 u - a potion of resistance {unknown}
 x - a potion of beneficial mutation {unknown}
 C - a potion of flight {unknown}
Books
 n - a book of Necromancy

   Spells                             Type                      Level
   a - Pain                           Necromancy                   1
   b - Animate Skeleton               Necromancy                   1
   c - Vampiric Draining              Necromancy                   3
   d - Regeneration                   Charms/Necromancy            3
   e - Animate Dead                   Necromancy                   4
   f - Control Undead                 Necromancy                   4
Comestibles
 d - 3 bread rations
 i - a meat ration
 j - a beef jerky
 t - 3 fruits


   Skills:
 - Level 2.0 Fighting
 - Level 3.0 Long Blades
 - Level 2.0 Throwing
 - Level 3.0 Dodging
 + Level 8.2 Stealth


You had 5 spell levels left.
You didn't know any spells.

Dungeon Overview and Level Annotations

Branches:
Dungeon (4/15)             Temple (1/1) D:4

Altars:
Ashenzari
Cheibriados
Dithmenos
Elyvilon
Gozag
Kikubaaqudgha
Makhleb
Nemelex Xobeh
Okawaru
Qazlal
Ru
Trog
Uskayaw
Vehumet
Xom
Zin
The Shining One

Shops:
D:4 *

Annotations:
D:4 Edmund


Innate Abilities, Weirdness & Mutations

You cannot wear most types of armour.
You are amphibious.
You can wear up to eight rings at the same time.
You can use your tentacles to constrict eight enemies at once.
Your skin changes colour to match your surroundings (Stealth+).
Your rubbery body absorbs attacks. (AC +1, EV +1)
You are frail. (-10% HP)
You passively map a small area around you.
You are weak. (Str -2)


Message History

You hit Edmund but do no damage.
Edmund is heavily wounded.
You constrict Edmund, but do no damage. Edmund completely misses you.
You hit Edmund.
Edmund is heavily wounded.
You constrict Edmund.
Edmund hits you with a dire flail of protection!
You are too injured to fight recklessly!
You are too injured to fight recklessly!
Unknown command.
You slash Edmund! You squeeze Edmund, but do no damage.
Edmund is almost dead.
You constrict Edmund, but do no damage.
Edmund hits you with a dire flail of protection.
* * * LOW HITPOINT WARNING * * *
You hit Edmund but do no damage.
Edmund is almost dead.
You constrict Edmund.
Edmund hits you with a dire flail of protection!
You die...

..###..#............#
..#....'............#
..#....#............#
..#..††#............#
..#....#............#
########............#
....(......#####'####
...........#.......#
...........#....@..#
...........#.....@.#
...........#########*
#####.......... , *
....#..........
....+........... ,
....#...........
..###..........., *
..####+####+###


You could see Edmund.

Vanquished Creatures
  A scorpion (D:4)
  3 orc wizards (D:4)
  4 adders (D:3)
  2 worms
  A dart slug (D:1)
  3 giant geckos
  An orc (D:4)
  A ball python (D:1)
  2 giant cockroaches
  4 goblins (D:3)
  9 hobgoblins
  4 jackals (D:4)
  4 kobolds
  7 bats
  4 giant newts
  7 rats
57 creatures vanquished.

Notes
Turn   | Place    | Note
-------+----------+-------------------------------------------
     0 | D:1      | McCoppin the Octopode Gladiator began the quest for the Orb.
     0 | D:1      | Reached XP level 1. HP: 14/14 MP: 1/1
    49 | D:1      | Reached skill level 1 in Stealth
    84 | D:1      | Reached skill level 2 in Stealth
   103 | D:1      | Reached XP level 2. HP: 19/19 MP: 2/2
   553 | D:1      | Reached skill level 3 in Stealth
   878 | D:1      | Reached XP level 3. HP: 24/24 MP: 3/3
  1025 | D:2      | Reached skill level 4 in Stealth
  1586 | D:3      | Reached skill level 5 in Stealth
  1653 | D:3      | Found an iron altar of Okawaru.
  1667 | D:3      | Reached XP level 4. HP: 29/29 MP: 4/4
  1773 | D:3      | Found a radiant altar of Vehumet.
  2295 | D:3      | Reached skill level 6 in Stealth
  2449 | D:4      | Found a staircase to the Ecumenical Temple.
  2451 | D:4      | Reached XP level 5. HP: 30/34 MP: 5/5
  2458 | D:4      | Reached skill level 7 in Stealth
  2472 | Temple   | Entered the Ecumenical Temple
  2542 | Temple   | Became a worshipper of Dithmenos the Shadowed
  2638 | D:4      | Found Zoynet's Assorted Antiques.
  2641 | D:4      | Bought an emerald potion for 26 gold pieces
  2641 | D:4      | Bought a scroll labeled IQER ITTETA for 29 gold pieces
  2641 | D:4      | Bought a scroll labeled HAIH SON IDD for 29 gold pieces
  2641 | D:4      | Bought a scroll labeled OCKEAMN BEXEAW for 29 gold pieces
  2705 | D:4      | Gained mutation: You are weak. (Str -2) [potion of mutation]
  2705 | D:4      | Gained mutation: You passively map a small area around you. [potion of mutation]
  2705 | D:4      | Gained mutation: You are frail. (-10% HP) [potion of mutation]
  2712 | D:4      | Reached skill level 8 in Stealth
  2712 | D:4      | Reached XP level 6. HP: 9/35 MP: 6/6
  3066 | D:4      | Noticed Edmund
  3077 | D:4      | Slain by Edmund

Vault maps used:
D:1:      saegor_arrival_simple_c
D:3:      lemuel_doored_altar, okawaru_trees_1
D:4:      serial_shops, nicolae_shop_behind_doors, uniq_eustachio, uniq_edmund
Temple:   eino_temple_scatter_basement

Skill      XL: |  1  2  3  4  5 |
---------------+----------------+-----
Stealth        | 2 3 5 6 8 |  8.2
Fighting       | |  2.0
Long Blades    | |  3.0
Throwing       | |  2.0
Dodging        | |  3.0

Action                   |  1- 3 |  4- 6 || total
-------------------------+-------+-------++-------
Melee: Long sword        |    66 |    59 ||   125
       Constrict         |    12 |    13 ||    25
       Tentacles         |    11 |    16 ||    27
  Use: Scroll            |       |     3 ||     3
       Potion            |       |     5 ||     5
 Stab: Sleeping          |    17 |     8 ||    25
       Distracted        |     1 |       ||     1
  Eat: Chunk             |     2 |     2 ||     4
       Meat ration       |       |     1 ||     1
Armor: Skin              |     4 |    12 ||    16
Dodge: Dodged            |    29 |    29 ||    58
